[Event "*** Titled Tuesday Blitz"]
[Site "Chess.com"]
[Date "2020.05.12"]
[Round "3"]
[White "Srisshhhtea"]
[Black "MaxLeto"]
[Result "1/2-1/2"]
[WhiteElo "2119"]
[BlackElo "2332"]
[TimeControl "180+1"]
[EndTime "10:30:11 PDT"]
[Termination "Game drawn by repetition"]

1. d4 Nf6 2. c4 g6 3. Nc3 Bg7 4. e4 d6 5. Bd3 Nc6 6. Nge2 e5 7. d5 Ne7 8. O-O O-O 9. Ng3 Nd7 10. Kh1 Nc5 11.
Bc2 a5 12. Be3 f5 13. exf5 gxf5 14. f4 e4 15. Bd4 Ng6 16. Nh5 Bxd4 17. Qxd4 Qe7 18.
a3 a4 19. Rae1 Bd7 20. Re3 Rf7 21. Rg3 Kf8 22. Rg5 Ke8 23. Bd1 Kd8 24. g4 fxg4 25.
Bxg4 b6 26. Rg1 Bxg4 27. R5xg4 Kc8 28. Re1 Qd7 29. Qg1 Kb7 30. Nxe4 Nxe4 31. Rxe4 Raf8 32.
Qg3 Qf5 33. Re1 Qxh5 34. Rg5 Qh6 35. f5 Rxf5 36. Rxf5 Rxf5 37. Re2 Qf4 38. Qxf4 Rxf4 39. Rc2 Ne5 40. Kg2 Rxc4 41. Rf2 h5 42. Rf5 h4 43.
Rh5 Rd4 44. Kf2 Nd3+ 45. Ke3 Rg4 46. Kxd3 b5 47. Kc3 Kb6 48. Rh7 Rg5 49. Rxh4 Rxd5 50.
Rh8 c6 51. h4 Kc5 52. h5 Rg5 53. h6 Rg3+ 54. Kc2 Rh3 55. h7 d5 56. Kd2 d4 57.
Kc2 Rh2+ 58. Kd3 Rh3+ 59. Kd2 Kc4 60. Kc2 c5 61. Kd2 Rh2+ 62. Kd1 d3 63. Ke1 Kb3 64. Rb8 Rxh7 65. Rxb5+ Kc4 66. Rb8 Rh2 67. Kd1 Rh1+ 68. Kd2 Rh2+ 69. Kd1 Kd4 70. Rd8+ Kc4 71. Rb8 1/2-1/2

[Event "*** Titled Tuesday Blitz"]
[Site "Chess.com"]
[Date "2020.05.12"]
[Round "3"]
[White "Supernotar"]
[Black "Hanging_pointer"]
[Result "1/2-1/2"]
[WhiteElo "2764"]
[BlackElo "2593"]
[TimeControl "180+1"]
[EndTime "10:30:13 PDT"]
[Termination "Game drawn by repetition"]

1. d4 d5 2. c4 c6 3. e3 Nf6 4. Bd3 Bg4 5. Qc2 Bh5 6. Nd2 e6 7. Ngf3 Nbd7 8. b3 Be7 9. Bb2 Bg6 10. O-O O-O 11. e4 dxe4 12. Nxe4 Nxe4 13. Bxe4 Bf6 14. Rad1 Qc7 15. Bxg6 hxg6 16. Rd3 Rfd8 17. Rfd1 a6 18. h3 Rac8 19. Qe2 Qa5 20. Bc3 Qf5 21. Qe3 g5 22. Ne5 Nxe5 23. dxe5 Be7 24. Ba5 Rxd3 25. Qxd3 Qxe5 26.
Qd7 Rf8 27. b4 b6 28. Qxe7 bxa5 29. Rd8 Rxd8 30. Qxd8+ Kh7 31. bxa5 Qa1+ 32. Kh2 Qe5+ 33. g3 Qc5 34. Kg1 Qxc4 35. Qxg5 g6 36. Qd8 Qb5 37. Qf6 Kg8 38. Qd8+ Kg7 39. Qd4+ e5 40. Qd8 Qb1+ 41. Kg2 Qxa2 42. Qb6 Qc4 43. h4 Qd5+ 44.
Kg1 Qd1+ 45. Kg2 Qd5+ 46. Kg1 Qb5 47. Kg2 Qc4 48. Kg1 e4 49. Qc7 Qc5 50. Qb6 Qc4 51. Qc7 c5 52. Qe5+ Kh7 53. Qc7 Kg8 54. Qb8+ Kh7 55.
Qd6 e3 56. fxe3 Qe2 57. Qxc5 Qe1+ 58. Kg2 Qd2+ 59. Kf3 Qd1+ 60. Kf2 Qd2+ 61. Kf3 Qd1+ 62. Ke4 Qg4+ 63. Kd5 Qxg3 64. Qd4 Qf3+ 65. Kc5 Qe2 66.
Qc3 Qb5+ 67. Kd6 Kg8 68. Qc5 Qb8+ 69. Qc7 Qb4+ 70. Qc5 Qd2+ 71. Kc6 Qd3 72. Kb6 Kg7 73. Ka7 Kg8 74. Qb6 Kh7 75. Qc5 Kg8 76. Qb6 Kh7 77. Qxa6 Qxe3+ 78. Qb6 Qe7+ 79. Qb7 Qe3+ 80. Qb6 Qe7+ 81.
Qb7 Qe3+ 82. Ka8 Qe8+ 83. Ka7 Qe3+ 1/2-1/2

[Event "*** Titled Tuesday Blitz"]
[Site "Chess.com"]
[Date "2020.05.12"]
[Round "3"]
[White "CakeinSpace2002"]
[Black "TERMINATOR_PC"]
[Result "0-1"]
[WhiteElo "2211"]
[BlackElo "2452"]
[TimeControl "180+1"]
[EndTime "10:30:13 PDT"]
[Termination "TERMINATOR_PC won by resignation"]

1. e4 d5 2. Nc3 dxe4 3. Nxe4 Qd5 4. Nc3 Qe5+ 5. Be2 c6 6. Nf3 Qc7 7. O-O Bf5 8. d4 e6 9. Ne5 Nd7 10. Bf4 Nxe5 11. Bxe5 Qd8 12. g4 Bg6 13. f4 f6 14. f5 fxe5 15. fxg6 Qxd4+ 16. Qxd4 exd4 17. Ne4 hxg6 18. Bc4 O-O-O 19. Bxe6+ Kb8 20. Ng5 Nh6 21. h3 Bc5 22. Kg2 Rhe8 23. Rae1 Re7 24. Bc4 Rde8 25. Rxe7 Rxe7 26. Bd3 Kc7 27. Bxg6 Re2+ 28. Rf2 Rxf2+ 29.
Kxf2 d3+ 30. Ke1 dxc2 31. Bxc2 Kd7 32. Ke2 Be7 33. Nf3 Nf7 34. h4 Bf6 35. b3 Nd6 36. Bd3 b5 37. g5 Bb2 38. Ke3 a5 39. Kf4 Ke6 40. h5 c5 41. Kg4 c4 42. bxc4 bxc4 43.
Bc2 Bc1 44. Nd4+ Kd5 45. Nf5 Ne8 46. Ba4 Nd6 47. Nxg7 c3 48. Nf5 Ne4 49. h6 Nxg5 50. Bb3+ Kc5 51. Kh5 Kb4 52. Kg6 a4 53. Bc2 Ka3 54. Nd4 Bd2 55. h7 Nxh7 56. Kxh7 Kxa2 57. Bxa4 Ka3 58. Bd1 Kb2 59. Bc2 Be3 60. Bg6 Bxd4 61. Kg8 Be3 62. Bf5 Bd2 63. Kf7 Kb3 64. Ke6 Kc4 65.
Ke5 c2 66. Kf6 Bc3+ 67. Ke6 c1=Q 68. Bc2 Qxc2 0-1

[Event "*** Titled Tuesday Blitz"]
[Site "Chess.com"]
[Date "2020.05.12"]
[Round "3"]
[White "chesslh19"]
[Black "umngqusho"]
[Result "1-0"]
[WhiteElo "2202"]
[BlackElo "2471"]
[TimeControl "180+1"]
[EndTime "10:30:16 PDT"]
[Termination "chesslh19 won by checkmate"]

1. e4 e5 2. Nf3 Nc6 3. Bb5 a6 4.
Ba4 Nf6 5. O-O Be7 6. Re1 b5 7. Bb3 d6 8. c3 O-O 9. h3 Na5 10. Bc2 c5 11. d4 Qc7 12. Nbd2 cxd4 13. cxd4 Nc6 14. Nb3 Bd7 15. Be3 Rfc8 16. Rc1 Qb8 17. Bb1 a5 18. Qe2 a4 19. Nbd2 a3 20. b3 Bd8 21.
Nf1 h6 22. Ng3 Bb6 23. dxe5 dxe5 24. Nf5 Bxf5 25. exf5 Nd4 26. Nxd4 exd4 27. Bd2 Rxc1 28. Rxc1 Qe8 29. Qxe8+ Rxe8 30. Kf1 Nd5 31. Bd3 Nc7 32. Re1 Rc8 33. Rc1 Re8 34. Re1 Rxe1+ 35. Kxe1 Kf8 36. Bb4+ Ke8 37. Bxa3 Kd7 38. Kd1 Kc6 39. Kc2 Nd5 40. Be4 f6 41. Kd3 b4 42. Bxd5+ Kxd5 43. Bxb4 Ke5 44.
Bf8 Kxf5 45. Bxg7 Kg6 46. Bf8 h5 47. b4 Kf5 48. Bc5 Bc7 49. b5 Ke6 50. a4 Kd5 51. Bxd4 f5 52. b6 Bb8 53. a5 Kc6 54. Kc4 Kb7 55. Kb5 Bf4 56. a6+ Kb8 57. Kc6 Kc8 58.
b7+ Kd8 59. b8=Q+ Bxb8 60. a7 Bxa7 61. Bxa7 Ke7 62. Kd5 Kf6 63. Bb8 Kg5 64. Ke5 f4 65. f3 Kh4 66. Bc7 Kg3 67. Kf5 Kxg2 68. Kxf4 Kxh3 69.
Kg5 Kg2 70. f4 h4 71. Kxh4 Kf3 72. Kg5 Ke4 73. f5 Kd5 74. f6 Kc6 75. f7 Kxc7 76. f8=Q Kd7 77. Qf6 Ke8 78. Qg7 Kd8 79. Kf6 Kc8 80.
Ke6 Kb8 81. Kd6 Ka8 82. Kc6 Kb8 83. Qb7# 1-0

[Event "*** Titled Tuesday Blitz"]
[Site "Chess.com"]
[Date "2020.05.12"]
[Round "3"]
[White "diablanni"]
[Black "chegueps"]
[Result "1-0"]
[WhiteElo "2311"]
[BlackElo "2505"]
[TimeControl "180+1"]
[EndTime "10:30:18 PDT"]
[Termination "diablanni won by resignation"]

1. e4 c5 2. Nf3 e6 3. d4 cxd4 4. Nxd4 Nf6 5. Nc3 Nc6 6. Ndb5 Bc5 7. Bf4 O-O 8. Bc7 Qe7 9. Bd6 Bxd6 10. Qxd6 a6 11.
Qxe7 Nxe7 12. Nd6 Ne8 13. O-O-O Nxd6 14. Rxd6 b5 15. f3 Ra7 16. Be2 Rc7 17. Rhd1 Rd8 18. a3 Bb7 19. a4 Nc8 20. R6d4 bxa4 21. Rxa4 Nb6 22. Rb4 Rc6 23. Na4 Nxa4 24. Rxb7 Nc5 25. Ra7 Rdc8 26. Kb1 Rb8 27. b3 Kf8 28. Rd4 Ke7 29.
Kb2 Kf6 30. f4 g5 31. g3 h6 32. e5+ Ke7 33. Bf3 Rcb6 34. Bd1 gxf4 35. gxf4 Rg8 36. Rc7 Rc6 37. Rxc6 dxc6 38. Bf3 Rc8 39. Rd6 Nd7 40. Bxc6 Nb8 41. Bb7 Rc7 42. Bxa6 Nc6 43. Bc4 Na5 44. Bd3 Nc6 45. c3 Nd8 46. b4 Nb7 47. Ra6 Rd7 48.
Kc2 h5 49. c4 h4 50. Kc3 h3 51.
Be4 Nd8 52. b5 Rd1 53. Ra7+ Ke8 54. c5 Rc1+ 55. Kb4 Re1 56. Ba8 Re2 57. b6 Rxh2 58. c6 Rb2+ 59. Kc3 Rxb6 60. c7 Kd7 61. cxd8=Q+ Kxd8 62. Rxf7 Ra6 63. Be4 Ra3+ 64. Kd4 Ra4+ 65. Ke3 Ra3+ 66. Bd3 h2 67. Rg7 Ra2 68. Rh7 Kc8 69.
Be2 Ra3+ 70. Kf2 Ra4 71. Kg3 Ra2 72. Bf3 Kd8 73. Rxh2 Ke8 74. Rxa2 1-0

[Event "*** Titled Tuesday Blitz"]
[Site "Chess.com"]
[Date "2020.05.12"]
[Round "3"]
[White "SCIM"]
[Black "ahmadzada13"]
[Result "1-0"]
[WhiteElo "2560"]
[BlackElo "2733"]
[TimeControl "180+1"]
[EndTime "10:30:19 PDT"]
[Termination "SCIM won by resignation"]

1. d4 Nf6 2. c4 c5 3. d5 e6 4. Nc3 exd5 5. cxd5 d6 6. e4 g6 7. Nge2 Bg7 8. Ng3 O-O 9. Be2 Re8 10.
O-O Nbd7 11. f3 h5 12. Bg5 Qb6 13. Qd2 Nh7 14. Be3 Ne5 15. h3 h4 16. Nh1 f5 17. Nf2 Qd8 18. Rae1 Bd7 19. Bh6 Nf7 20. Bxg7 Kxg7 21. f4 fxe4 22. Ncxe4 Bf5 23. Bg4 Kg8 24. Bxf5 gxf5 25. Nc3 Qf6 26. Rxe8+ Rxe8 27. Re1 Rxe1+ 28. Qxe1 Nf8 29. Kh1 Ng6 30. Qe3 Kg7 31. Nd3 a6 32. a4 Nfh8 33. a5 Ne7 34. Ne1 Nhg6 35. Nf3 Kh6 36.
Qe1 Kh5 37. Qe2 Kh6 38. Qe1 Kg7 39. Ng5 Nxf4 40. Qxh4 Nexd5 41. Qh7+ Kf8 42. Nxd5 Nxd5 43. Qh5 Kg7 44. Qh7+ Kf8 45. Qh5 Ke7 46. Qh7+ Kd8 47. h4 Ne7 48. Qh5 Qxb2 49. Qf7 Qc1+ 50. Kh2 Qf4+ 51.
g3 Qf2+ 52. Kh3 Qf1+ 53. Kh2 Qe2+ 54. Kh3 Qg4+ 55. Kh2 c4 56. Ne6+ Kd7 57. Nf8+ Kd8 58. Ne6+ Kd7 59. Nf8+ Kc6 60. Qxe7 c3 61. Qe8+ Kc5 62.
Ne6+ Kb4 63. Nf4 Qf3 64. Qe7 c2 65. Qxd6+ Kb3 66. Qb6+ Ka2 67. Qc5 Qd1 68. Qc4+ Kb2 69. Nd3+ Qxd3 70. Qxd3 c1=Q 71. Qd4+ Kb3 72. Qd5+ Kb2 73.
Qxf5 Qd2+ 74. Kh3 Qe1 75. Qf6+ Kb3 76. Qf3+ Kc2 77. h5 Qxa5 78. h6 Qg5 79. Qe4+ Kc3 80.
Qf3+ Kd4 81. Qf4+ Qxf4 82. gxf4 a5 83. h7 1-0

[Event "*** Titled Tuesday Blitz"]
[Site "Chess.com"]
[Date "2020.05.12"]
[Round "3"]
[White "Quaternitychess"]
[Black "David_Paravyan"]
[Result "1/2-1/2"]
[WhiteElo "2552"]
[BlackElo "2896"]
[TimeControl "180+1"]
[EndTime "10:30:21 PDT"]
[Termination "Game drawn by repetition"]

1. e4 c5 2. Nc3 Nc6 3. f4 g6 4. Nf3 Bg7 5. Bb5 Nd4 6. O-O Nxb5 7. Nxb5 d6 8. d3 a6 9. Nc3 b5 10. Qe1 e6 11. e5 d5 12. Qf2 Qc7 13. d4 cxd4 14. Nxd4 Ne7 15. Be3 O-O 16. a3 Bd7 17.
Qd2 Rac8 18. Nce2 f6 19. exf6 Bxf6 20. c3 a5 21. Kh1 Qd6 22. h3 Rc4 23. Ng1 b4 24.
cxb4 axb4 25. a4 Bxd4 26. Bxd4 Nf5 27. Be5 Ng3+ 28. Kh2 Nxf1+ 29. Rxf1 Qc5 30. b3 Rc2 31. Qd1 Rf2 32. Nf3 Rxf1 33. Qxf1 Qc6 34. Nd4 Qb7 35. Qe2 Rf7 36. h4 h5 37. Qe3 Kh7 38. Qg3 Qc8 39. Qg5 Qf8 40. g4 Qe7 41. gxh5 Qxg5 42.
hxg5 gxh5 43. Kg3 Kg6 44. Nc2 Bc8 45. Nd4 Rb7 46. Nf3 Bd7 47. Nh4+ Kh7 48. g6+ Kh6 49. g7 Kh7 50. Nf3 Be8 51. Ng5+ Kg8 52. Nxe6 Re7 53. Nd4 Bg6 54. Nc6 Rf7 55. Kh4 Bc2 56. Nd4 Bd3 57.
Kxh5 Kh7 58. Kg5 Kg8 59. f5 Re7 60. Kf4 Rd7 61. f6 Kf7 62. Nf3 Bh7 63. Ng5+ Kg6 64.
Nxh7 Kxh7 65. Kf5 Kg8 66. Ke6 Rf7 67. Bd4 Rc7 68. Kxd5 Kf7 69. a5 Rc3 70. a6 Rxb3 71. a7 Ra3 72. Kc4 b3 73. Kb4 b2 74. Kxa3 b1=Q 75.
a8=Q Qd3+ 76. Ka2 Qc4+ 77. Kb1 Qd3+ 78. Ka2 Qc4+ 79. Ka3 Qd3+ 80. Ka2 1/2-1/2

[Event "*** Titled Tuesday Blitz"]
[Site "Chess.com"]
[Date "2020.05.12"]
[Round "3"]
[White "mshuaau0"]
[Black "OhanyanEminChess"]
[Result "1/2-1/2"]
[WhiteElo "2184"]
[BlackElo "2470"]
[TimeControl "180+1"]
[EndTime "10:30:25 PDT"]
[Termination "Game drawn by repetition"]

1. e4 e5 2. Nf3 Nc6 3. Nc3 Nf6 4. d4 exd4 5. Nxd4 Bb4 6. Nxc6 bxc6 7. Bd3 d5 8. exd5 cxd5 9. O-O O-O 10. Bg5 Be6 11. Qf3 h6 12. Bxf6 Qxf6 13. Qxf6 gxf6 14. Ne2 c5 15. c3 Ba5 16. Ng3 Rab8 17. Rab1 Rb7 18. Nf5 Bxf5 19. Bxf5 Rfb8 20. Rbd1 Rxb2 21. Rxd5 Bxc3 22.
Rxc5 Bd4 23. Rc4 Rd8 24. Rc2 Rdb8 25. h3 Rxc2 26. Bxc2 Rb2 27. Bb3 Kg7 28. g4 a5 29.
Kg2 f5 30. gxf5 Kf6 31. Kg3 a4 32. Bxa4 Rxa2 33. Bc6 Kxf5 34. f3 Be5+ 35. f4 Ra3+ 36. Rf3 Bxf4+ 37. Kh4 Ra1 38. Bd7+ Ke4 39. Bc6+ Ke5 40.
Rb3 Rc1 41. Bd7 Bg5+ 42. Kh5 Rc4 43. Bg4 Kf6 44. Rf3+ Kg7 45. Rf5 Bd2 46. Rf3 Bg5 47. Rf5 Bf6 48. Rf1 Ra4 49. Rf2 Ra7 50. Rf5 Ra1 51.
Rf3 Bg5 52. Bf5 Bf6 53. Kg4 Ra4+ 54. Kg3 Ra5 55. Bg4 Be5+ 56. Kg2 Ra2+ 57. Rf2 Ra3 58. Rf3 Ra7 59. Rf5 f6 60. Rf2 Ra3 61. Bf5 Rg3+ 62. Kf1 Re3 63. Rg2+ Kf8 64. Re2 Rf3+ 65. Rf2 Ra3 66.
Kg2 Ra1 67. Rc2 Ra7 68. Rd2 Kg7 69. Rd7+ Rxd7 70. Bxd7 Kg6 71. Kf3 Kg5 72. Bc8 Kh4 73. Bf5 Kh5 74. Ke4 Kg5 75. Be6 Kh4 76. Bf5 Kg3 77. Be6 h5 78. Bf5 h4 79. Be6 Kf2 80. Bf5 Ke2 81. Be6 Kd2 82. Bf5 Kc3 83. Kd5 Kb4 84. Ke6 Kc5 85. Kf7 Kd4 86. Kg6 Ke3 87.
Kh5 Kf4 88. Kg6 Kg3 89. Be6 Bd4 90. Bf5 Bc3 91. Be6 Bb2 92. Bf5 Ba1 93. Bc8 Bd4 94.
Bf5 Kf4 95. Bc8 Ke3 96. Bf5 Be5 97. Kh5 Kd4 98. Kg6 Ke3 1/2-1/2

[Event "*** Titled Tuesday Blitz"]
[Site "Chess.com"]
[Date "2020.05.12"]
[Round "3"]
[White "RianKapriaga"]
[Black "GM_LOADING"]
[Result "1-0"]
[WhiteElo "2224"]
[BlackElo "2477"]
[TimeControl "180+1"]
[EndTime "10:30:29 PDT"]
[Termination "RianKapriaga won by checkmate"]

1. d4 Nf6 2. Nf3 e6 3. Bf4 c5 4.
e3 Nc6 5. c3 d5 6. Nbd2 Bd6 7.
Ne5 O-O 8. Bd3 Ne7 9. Qf3 Ng6 10. Nxg6 fxg6 11. Bxd6 Qxd6 12. Qg3 Qb6 13. Rb1 Bd7 14. O-O Rac8 15. f4 Nh5 16. Qh4 Qd6 17. g4 Nf6 18. g5 Nh5 19. Nf3 cxd4 20. cxd4 Rfd8 21.
Ne5 Be8 22. a3 Rc7 23. Qf2 Rdc8 24. Qd2 Qb6 25. Kg2 Bb5 26. Rf2 Bxd3 27. Qxd3 a6 28. Rd1 a5 29. Rdd2 Rc1 30. Rc2 a4 31. Rxc8+ Rxc8 32. Rc2 Rc7 33. Rxc7 Qxc7 34. Qc3 Qxc3 35. bxc3 h6 36. h4 hxg5 37. hxg5 Kf8 38. Nd7+ Ke7 39.
Nb6 Kd6 40. Nxa4 Kc6 41. Nb2 Kb5 42. Kf3 Ka5 43. c4 dxc4 44. Nxc4+ Ka4 45. e4 b5 46. Nd6 Ka5 47. d5 exd5 48. exd5 Kb6 49. Ne4 Kc7 50. Nc3 Kb6 51. d6 Kc6 52. Nxb5 Kd7 53.
a4 Kc6 54. a5 Kd7 55. a6 Nxf4 56. Kxf4 Kc6 57. a7 Kb7 58. d7 Ka6 59. a8=Q+ Kb6 60.
d8=Q+ Kc5 61. Qdd5+ Kb4 62. Qf8+ Ka5 63. Qxg7 Kb6 64.
Qxg6+ Ka5 65. Nd4+ Kb4 66. Qb1+ Ka4 67. Qa8# 1-0

[Event "*** Titled Tuesday Blitz"]
[Site "Chess.com"]
[Date "2020.05.12"]
[Round "3"]
[White "Juanovic"]
[Black "Ekka83"]
[Result "1/2-1/2"]
[WhiteElo "2167"]
[BlackElo "2364"]
[TimeControl "180+1"]
[EndTime "10:30:39 PDT"]
[Termination "Game drawn by agreement"]

1. e4 d5 2. exd5 Qxd5 3. d4 c6 4. Nc3 Qd6 5. Nge2 Nf6 6. Bf4 Qd8 7. g3 Bg4 8. Bg2 e6 9. h3 Bh5 10. Qd2 Be7 11. a3 Nd5 12. Nxd5 cxd5 13. O-O Nc6 14. Rfe1 O-O 15. Rac1 Rc8 16. c4 dxc4 17. Rxc4 Bf6 18. g4 Bg6 19. Rec1 Qb6 20. Be3 Qb5 21. a4 Qb3 22. R1c3 Qa2 23. Nf4 Rfd8 24. Bxc6 Rxc6 25.
Rxc6 bxc6 26. Nxg6 hxg6 27. g5 Bxd4 28. Bxd4 e5 29.
Rd3 Qb1+ 30. Kg2 c5 31. Qd1 Qxd1 32. Rxd1 exd4 33. Rc1 Rd5 34. h4 f5 35. Kf3 Kf7 36. Ke2 Ke6 37. f4 Kd6 38. Kd3 a5 39. b3 Kc6 40. Re1 Rd6 41. Re5 Kb6 42. Re7 Kc6 43. Rxg7 Re6 44. Kc4 Kd6 45. Ra7 Re4 46. Ra6+ Kc7 47.
Kxc5 d3 48. Rd6 Rxf4 49. Rxd3 Rxh4 50. Re3 Rg4 51. Re7+ Kd8 52. Ra7 Rxg5 53. Kd4 Rg4+ 54. Ke3 Rb4 55. Rxa5 Rxb3+ 56. Kf4 Ke7 57. Ra6 Rb4+ 58.
Kf3 Rg4 59. a5 Kd7 60. Ra8 Kc6 61. a6 Kb6 62. a7 Kb7 63. Rb8+ Kxa7 64. Rb1 Ka6 65. Rb2 Ka5 66. Rb8 Rb4 67. Rg8 Rb6 68.
Kf4 Kb4 69. Kg5 Kc4 70. Rd8 Rc6 71. Rd1 Kc5 72. Rd2 Rd6 73. Rc2+ Kd5 74. Re2 Re6 75.
Rd2+ Kc4 76. Ra2 Kd3 77. Ra3+ Ke2 78. Ra2+ Kf3 79. Ra3+ Re3 80. Ra4 Re4 81. Ra3+ Re3 82. Ra6 Kf2 83. Rxg6 f4 84. Rf6 f3 85. Kg4 Ra3 86. Re6 Rb3 87. Rf6 Rb4+ 88. Kh3 Rc4 89. Rf5 Re4 90. Rf6 Re8 91. Ra6 Rg8 92. Ra2+ Ke3 93.
Ra3+ Ke2 94. Ra2+ Kd1 95. Ra1+ Kd2 96. Ra2+ Kc3 97. Ra3+ Kd2 98. Rxf3 Ke2 99. Rf7 Ke3 100. Kh4 Rh8+ 101. Kg5 Rg8+ 1/2-1/2

[Event "*** Titled Tuesday Blitz"]
[Site "Chess.com"]
[Date "2020.05.12"]
[Round "3"]
[White "binbin239"]
[Black "fridaywins"]
[Result "0-1"]
[WhiteElo "2485"]
[BlackElo "2240"]
[TimeControl "180+1"]
[EndTime "10:30:44 PDT"]
[Termination "fridaywins won by resignation"]

1. d4 Nf6 2. c4 g6 3. Nf3 Bg7 4. g3 O-O 5. Bg2 c6 6. O-O d6 7. Nc3 Bf5 8. Re1 Ne4 9. Nh4 Nxc3 10. bxc3 Be6 11. d5 Bd7 12. Qb3 Na6 13. Be3 Nc5 14. Bxc5 dxc5 15. Red1 Qb6 16. Nf3 Qxb3 17. axb3 Bxc3 18.
Rac1 Bg7 19. Nd2 Rac8 20. Ne4 b6 21. d6 e6 22. Rb1 a5 23. Rbc1 f5 24. Nc3 Kf7 25. e4 Bd4 26. exf5 gxf5 27. Ne2 e5 28. Kf1 Rfe8 29. Bf3 Re6 30. Bh5+ Kg7 31. Rd3 Rxd6 32. Nxd4 Rxd4 33. Re3 Kf6 34. Rce1 e4 35. f3 b5 36. fxe4 bxc4 37. bxc4 Rxc4 38. exf5 Bxf5 39. Rf3 Kg5 40. Bf7 Re4 41. Rc1 Re5 42. Bc4 Bh3+ 43.
Kf2 Rb8 44. Rc2 Bf5 45. Rd2 Rb4 46. Bf1 Bg4 47. h4+ Kg6 48. Bd3+ Kg7 49. Rf4 Rxf4+ 50. gxf4 Rd5 51. Ke3 Bf5 52. Rg2+ Kf6 53. Bc4 Rd4 54. Ba6 Re4+ 55. Kf3 Rb4 56. Re2 c4 57. Ra2 c3 58. Rxa5 c2 59. Rxf5+ Kxf5 60. Bd3+ Kf6 61. Bxc2 Rc4 62. Bxh7 Rc3+ 63. Kg4 c5 64. h5 Rc1 65. h6 Rg1+ 66. Kf3 Rh1 67. Ke4 Rxh6 68. Bg8 Rh4 69. Kd5 c4 70. Kxc4 Rxf4+ 71. Kc5 Ke5 72. Bb3 Rf8 73. Kc6 Rc8+ 74. Kd7 Rc3 75. Bg8 Ra3 76.
Ke8 Kf6 77. Kd7 Rd3+ 78. Kc6 Rc3+ 79. Kd5 Rc8 80. Bh7 Rc7 81. Bb1 Rd7+ 82. Kc6 Rd1 83. Be4 Rc1+ 84. Kd5 Rd1+ 85. Kc4 Ke5 86. Bh7 Rd4+ 87.
Kc3 Rd7 88. Kc4 Rc7+ 89. Kd3 Rxh7 0-1

[Event "*** Titled Tuesday Blitz"]
[Site "Chess.com"]
[Date "2020.05.12"]
[Round "3"]
[White "Gergo85"]
[Black "CarlosAlbornoz"]
[Result "1-0"]
[WhiteElo "2506"]
[BlackElo "2705"]
[TimeControl "180+1"]
[EndTime "10:30:47 PDT"]
[Termination "Gergo85 won on time"]

1. e4 c5 2. Nf3 d6 3. Bb5+ Nc6 4. Bxc6+ bxc6 5. O-O Bg4 6. h3 Bh5 7. Re1 Nf6 8. e5 dxe5 9. Rxe5 e6 10. d3 Bd6 11.
Re1 O-O 12. Nbd2 Bc7 13. Nc4 Qd5 14. Qe2 e5 15. g4 Bg6 16. Nfxe5 Rfe8 17. f4 Nd7 18. Qf1 f6 19. Nxg6 hxg6 20. Bd2 Nf8 21. Qg2 Ne6 22. Qxd5 cxd5 23. Na3 Nxf4 24. Bxf4 Bxf4 25.
Kf2 Be5 26. c3 Rab8 27. Rab1 Re7 28. Nc2 Reb7 29. d4 Rxb2 30. Rxb2 Rxb2 31. Re2 cxd4 32. cxd4 Bd6 33. Ne3 Rb5 34. a4 Ra5 35. Ra2 Bf4 36. Nc2 Ra6 37. Nb4 Rd6 38. a5 Rd7 39. Rc2 f5 40.
Kf3 Bg5 41. Rc6 Bf6 42. Rc5 Bxd4 43. Rxd5 Rxd5 44. Nxd5 Bc5 45. Nc7 Kf7 46. Nb5 Kf6 47.
Kf4 g5+ 48. Kf3 f4 49. Nc3 Ke5 50. Ne4 Be7 51. Nc3 a6 52. Na4 Kd4 53. Nb6 Bd8 54.
Nd7 Bxa5 55. Nf8 Ke5 56. Nd7+ Kd6 57. Nb8 Bc3 58. Nxa6 Bd2 59. Nb8 Kc7 60. Na6+ Kb6 61. Nb8 Kc7 62. Na6+ Kd6 63. Ke2 Be3 64. Nb4 Kc5 65.
Nd3+ Kd4 66. Ne1 Ke4 67. Nf3 Bc5 68. Nxg5+ Ke5 69. Nf3+ Ke4 70. Ng5+ Ke5 71. Kf3 Be3 72. Ne4 Ke6 73. Nc3 Ke5 74. Ne2 Bd2 75. Kf2 Be3+ 76. Kf3 Bd2 77. h4 Be3 78. h5 Bd2 79. Ng1 Be3 80.
Nh3 Bd2 81. Ng5 Be3 82. Ne4 Bc1 83. Nc5 Be3 84. Nd3+ Kf6 85. Nxf4 1-0

[Event "*** Titled Tuesday Blitz"]
[Site "Chess.com"]
[Date "2020.05.12"]
[Round "3"]
[White "katchesskat"]
[Black "LuckSlayeer"]
[Result "1-0"]
[WhiteElo "2250"]
[BlackElo "2484"]
[TimeControl "180+1"]
[EndTime "10:30:48 PDT"]
[Termination "katchesskat won by resignation"]

1. c4 Nf6 2. e3 d6 3. Qc2 c5 4. Nf3 Nc6 5. a3 g6 6. d3 Bg7 7.
Nbd2 O-O 8. Rb1 b6 9. b4 a5 10. b5 Nb8 11. Bb2 e5 12. Be2 Nbd7 13. O-O Re8 14.
Rfe1 Nf8 15. h3 h5 16. Ng5 Ne6 17. Nxe6 Bxe6 18. Bf3 Rb8 19. Rbd1 Bf5 20. Bd5 Nxd5 21.
cxd5 Bd7 22. a4 f5 23. Nc4 Qe7 24. f4 Bc8 25. fxe5 dxe5 26. Qf2 h4 27. Re2 Qg5 28. Kh1 Bb7 29. e4 f4 30. Nxb6 Rbd8 31. Nc4 Bc8 32. Qf3 Qe7 33. Nd2 g5 34. Qh5 g4 35. hxg4 Rd6 36.
Nf3 Rh6 37. Qg5 Qxg5 38. Nxg5 Bxg4 39. Nf3 h3 40. Kg1 hxg2 41. Kxg2 Rh3 42. Rf1 Rg3+ 43. Kh2 Bxf3 44. Ref2 Bg4 45. d6 Bf6 46. Rg2 Rxg2+ 47.
Kxg2 Kf7 48. Rg1 Ke6 49. Kf2 Bh5 50. Rh1 Bf7 51. Rh6 Rg8 52. d7 Rg6 53. Rh7 Rg7 54. Rh8 Kxd7 55. Ra8 Bd8 56. Ra7+ Ke8 57. b6 Bxb6 58.
Ra8+ Bd8 59. Bxe5 Rg4 60. Bf6 Kd7 61. Rxd8+ Ke6 62. Bc3 Rh4 63. Kf3 Bh5+ 64. Kg2 f3+ 65. Kg3 Rg4+ 66. Kf2 Rg2+ 67. Kf1 Rc2 68. Rh8 Bg4 69.
Rh6+ Kd7 70. Bxa5 f2 71. Rh7+ Kc8 72. Kg2 Be2 73. Rf7 f1=Q+ 74. Rxf1 Bxf1+ 75. Kxf1 Ra2 76. Bb6 Rxa4 77. Bxc5 Kc7 78. Ke2 Kc6 79. d4 Ra2+ 80. Ke3 Ra3+ 81. Kf4 Kd7 82. Ke5 Ra5 83. Kd5 Rb5 84.
e5 Ra5 85. e6+ Ke8 86. Kd6 Ra6+ 87. Ke5 Ra5 88. Kd5 Ra6 89. Ke5 Ra5 90. Ke4 Ra6 91.
d5 Ra5 92. Bd6 Ra6 93. Ke5 Ra5 94. Bc7 Rb5 95. Kd6 Ra5 96. Bxa5 1-0

[Event "*** Titled Tuesday Blitz"]
[Site "Chess.com"]
[Date "2020.05.12"]
[Round "3"]
[White "ALeks_Ivlev"]
[Black "PotapovaM"]
[Result "1/2-1/2"]
[WhiteElo "2591"]
[BlackElo "2400"]
[TimeControl "180+1"]
[EndTime "10:31:08 PDT"]
[Termination "Game drawn by repetition"]

1. d4 Nf6 2. c4 e6 3. g3 d5 4. Nf3 dxc4 5. Bg2 a6 6. O-O Nc6 7. e3 Rb8 8. Nfd2 e5 9. Nxc4 exd4 10. Bxc6+ bxc6 11. Qxd4 Qxd4 12. exd4 Be6 13. b3 c5 14. dxc5 Bxc5 15. Bf4 Bd4 16. Bxc7 Ra8 17. Be5 Bxa1 18. Bxa1 O-O 19. Nbd2 Rfd8 20. Re1 a5 21. a4 Rab8 22. Bc3 Bxc4 23. bxc4 Rd3 24. Bxa5 Ra3 25. Bc7 Rc8 26. Bd6 Rxa4 27. c5 h6 28. Nf3 Rc4 29. Re7 Re4 30.
Ra7 Ne8 31. Kg2 Nxd6 32. cxd6 Rd8 33. d7 Re7 34. h4 Rexd7 35. Ra6 Rd6 36. Ra5 g6 37. Kh3 Rf6 38. Ra3 Kg7 39. Kg2 Rc8 40. Rb3 Rc2 41. Re3 Ra2 42. Rd3 Rc6 43. Ne5 Rcc2 44.
Rf3 f6 45. Ng4 f5 46. Ne3 Re2 47. h5 Ra5 48. hxg6 Kxg6 49. Kf1 Rb2 50. Kg2 Rba2 51. Nc4 Rc5 52. Ne3 Ra8 53. Rf4 Re8 54. Rb4 Re6 55. Kf3 Rd6 56. Rb8 Ra6 57. Rg8+ Kf7 58. Rh8 Kg7 59. Rd8 Kg6 60. Rd7 Rb5 61. Kg2 Rc5 62.
Nd5 Ra2 63. Nf4+ Kf6 64. Kf3 Rc3+ 65. Kg2 Rcc2 66. Rd6+ Ke7 67. Rxh6 Rxf2+ 68. Kg1 Rfb2 69. Nd5+ Kf7 70. Rf6+ Kg7 71. Rxf5 Rd2 72. Ne3 Rdb2 73. Nf1 Rg2+ 74. Kh1 Rgb2 75. Rf4 Rb1 76. Kg1 Raa1 77. Rg4+ Kf6 78. Rf4+ Kg5 79. Kg2 Rb2+ 80. Kg1 Rbb1 81. Rf8 Rb2 82. Rf7 Rbb1 83. Kf2 Rb2+ 84. Kg1 Rbb1 85.
Rf2 Rc1 86. Kg2 Re1 87. Nd2 Rg1+ 88. Kf3 Rgd1 89. Ne4+ Kg6 90. Kf4 Rd8 91. Ke3 Re8 92.
Rf4 Re1+ 93. Kf3 Rf1+ 94. Kg4 Rxf4+ 95. Kxf4 Rf8+ 96. Kg4 Re8 97. Kf4 Ra8 98. g4 Ra4 99.
Ke5 Ra5+ 100. Kf4 Ra4 101. Ke5 Ra5+ 102. Kf4 Ra4 1/2-1/2

[Event "*** Titled Tuesday Blitz"]
[Site "Chess.com"]
[Date "2020.05.12"]
[Round "3"]
[White "Azatic"]
[Black "MFBerna"]
[Result "1-0"]
[WhiteElo "2581"]
[BlackElo "2383"]
[TimeControl "180+1"]
[EndTime "10:31:09 PDT"]
[Termination "Azatic won on time"]

1. e4 e6 2. d4 d5 3. e5 c5 4. c3 Nc6 5. Nf3 Qb6 6. a3 a5 7. b3 Bd7 8. Be3 Nh6 9. Bd3 Be7 10. O-O cxd4 11. Nxd4 Nxd4 12. cxd4 Nf5 13. Bxf5 exf5 14. Nc3 Be6 15. Na4 Qb5 16. Nc3 Qb6 17. a4 O-O 18. Nb5 Bd7 19. Qd3 Rfc8 20. Rfc1 Rc6 21. g3 Rac8 22. Kg2 h6 23. h4 Rxc1 24. Rxc1 Rc6 25.
Bd2 Rxc1 26. Bxc1 Bb4 27. h5 f4 28. Bxf4 Qe6 29. Nc7 Qh3+ 30. Kg1 Bf5 31. Qf1 Qxh5 32. f3 Bc3 33. Nb5 Bb2 34. g4 Qg6 35. Kf2 Bd3 36. Qd1 Bxb5 37. axb5 h5 38. gxh5 Qxh5 39. Ke3 Qg6 40.
Qd2 Qb1 41. Kf2 Ba1 42. Be3 Qxb3 43. Qxa5 Qc2+ 44. Kg3 Bc3 45. Qd8+ Kh7 46. Qh4+ Kg8 47. Qd8+ Kh7 48. Qe7 Qg6+ 49. Kf2 Qc2+ 50. Kg3 Qf5 51. Qh4+ Kg8 52. Qg4 Qxg4+ 53. Kxg4 g6 54. Kg5 Kg7 55. f4 Bb2 56. f5 gxf5 57. Kxf5 Kf8 58. e6 Ke7 59.
exf7 Kxf7 60. Ke5 Ke7 61. Kxd5 Kd7 62. Bf4 Ba3 63. Be5 Bb4 64. Bg3 Ba3 65. Bf2 Bb4 66. Be3 Ba3 67. Bd2 Bd6 68. Ba5 Ba3 69. Bb6 Bb4 70. Bc5 Bc3 71. Kc4 Be1 72. Bb4 Bf2 73. Kc5 Bg1 74. Bc3 Bf2 75. Kb6 Kc8 76. Bb2 Bg1 77. Bc3 Bf2 78. Ka7 Bg1 79. b6 Bf2 80. Ka8 Bg1 81. Ka7 Bf2 82. d5 Bc5 83.
Be5 Bb4 84. Bc7 Bc5 85. Bf4 Bb4 86. Be3 Ba3 87. Bd4 Bd6 88. Bc3 Bb8+ 89. Ka8 Bd6 90. Bd4 Bb4 91. Bg1 Bd6 92. Bf2 Be5 93. Bc5 Bf4 94.
d6 Bg3 95. d7+ Kxd7 96. Kxb7 Bh2 97. Ka8 Kc6 98. Bf2 Bd6 99. b7 Bc7 100. Ba7 Bd6 101. Bb8 Bc5 102. Bh2 1-0